 Dungeon Crawl Stone Soup version 0.28.0-43-g3370ac3207 (webtiles) character file.

Game seed: 10511341347717501508

5080 unlimited1921 the Fighter (level 10, -11/78 HPs)
             Began as a Djinni Fire Elementalist on Mar 15, 2022.
             Was an Initiate of Yredelemnul.
             Mangled by a six-headed hydra (14 damage)
             ... on level 6 of the Dungeon.
             The game lasted 00:41:43 (14970 turns).

unlimited1921 the Fighter (DjFE)                   Turns: 14970, Time: 00:41:44

Health: -11/78     AC:  2    Str:  7    XL:     10   Next: 86%
Gold:   306        EV: 16    Int: 22    God:    Yredelemnul [......] SH:  0 Dex: 19

rFire   + + .      SeeInvis .   O - +8 short sword "Kievorao" {flame, *Noise +Blink Stlth+}
rCold   x . .      Faith    .   (no shield)
rNeg    + . .      Spirit   .   D - +1 robe {rN+}
rPois   ∞          Reflect  .   e - +0 helmet
rElec   .          Harm     .   q - +0 cloak
rCorr   .          Rampage  .   r - +0 pair of gloves
Will    +....                   (boots unavailable)
Stlth   ++++......              (no amulet)
HPRegen 0.23/turn               f - +6 ring of dexterity
MPRegen 0.00/turn               (no ring)

@: swift, corroded, flying, quick
A: sickness immunity, fire resistance 2, cold vulnerability 1, float, innate
caster, HP casting, extra vitality 1
a: Renounce Religion, Evoke Blink, Recall Undead Harvest


You were on level 6 of the Dungeon.
You worshipped Yredelemnul.
Yredelemnul was noncommittal.
You visited 1 branch of the dungeon, and saw 7 of its levels.

You collected 306 gold pieces.

Inventory:

Hand Weapons
 g - a +0 hunting sling
 i - a +0 short sword of electrocution
 l - the +11 spear of Usa Piuq {flame, rN+ Stlth+}
   (You found it on level 2 of the Dungeon)

   It burns those it strikes, dealing additional fire damage.
   rN:        It protects you from negative energy.
   Stlth:     It makes you more stealthy.
 m - a +2 dagger of venom
 p - a +3 quarterstaff of chaos
 A - the +10 dagger of Liusmiuwk {distort, rElec rF- rC++ Int+4}
   (You found it on level 4 of the Dungeon)

   It warps and distorts space around it, and may blink, banish, or inflict
   extra damage upon those it strikes.
   Unwielding it can cause banishment or high damage.
   Int:       It affects your intelligence (+4).
   rF:        It makes you vulnerable to fire.
   rC:        It greatly protects you from cold.
   rElec:     It insulates you from electricity.
 C - a +0 war axe
 E - a +5 morningstar
 L - a +4 dire flail
 O - the +8 short sword "Kievorao" (weapon) {flame, *Noise +Blink Stlth+}
   (You found it on level 7 of the Dungeon)

   It burns those it strikes, dealing additional fire damage.
   +Blink:    It lets you blink.
   *Noise:    It may make noises in combat.
   Stlth:     It makes you more stealthy.
 T - the +0 rapier "Starlight" {pain, *Corrode Dex+2 Stlth+}
   (You took it off a vampire on level 7 of the Dungeon)

   In the hands of one skilled in necromantic magic, it inflicts extra damage on
   living creatures.
   Your inability to study Necromancy prevents you from drawing on the full
   power of this weapon.
   Dex:       It affects your dexterity (+2).
   *Corrode:  It may corrode you when you take damage.
   Stlth:     It makes you more stealthy.
Missiles
 b - 284 stones
 j - 48 bolts
 w - 78 sling bullets
 F - 2 poisoned darts
Armour
 e - a +0 helmet (worn)
 q - a +0 cloak (worn)
 r - a +0 pair of gloves (worn)
 D - a +1 robe of positive energy (worn)
 J - a +0 leather armour of willpower
Jewellery
 f - a +6 ring of dexterity (left hand)
 N - a ring of ice
 S - a ring of protection from cold
 U - a ring of protection from cold
Wands
 v - a wand of charming (11)
 y - a wand of flame (24)
 G - a wand of iceblast (21)
Scrolls
 d - a scroll of enchant armour {unknown}
 h - 4 scrolls of immolation {unknown}
 k - a scroll of silence {unknown}
 o - a scroll of noise {unknown}
 t - a scroll of vulnerability {unknown}
 x - a scroll of amnesia {unknown}
 B - 3 scrolls of identify {unknown}
 I - a scroll of holy word {unknown}
 K - 2 scrolls of teleportation {unknown}
 M - a scroll of blinking {unknown}
 P - a scroll of fear {unknown}
Potions
 a - 2 potions of attraction {unknown}
 c - a potion of brilliance {unknown}
 n - 2 potions of curing
 s - a potion of heal wounds {unknown}
 u - a potion of magic {unknown}
 z - 2 potions of lignification {unknown}
 H - a potion of invisibility
 Q - a potion of degeneration {unknown}
 R - 2 potions of resistance {unknown}


   Skills:
 * Level 9.4 Fighting
 + Level 2.4 Short Blades
 - Level 4.5 Polearms
 + Level 6.1 Dodging
 - Level 4.2 Stealth
 - Level 6.2 Spellcasting
 + Level 1.3 Evocations


You couldn't memorise any spells.
You knew the following spells:

 Your Spells              Type           Power      Damage    Failure   Level
a - Foxfire               Conj/Fire      100%       2x1d9     1%          1
b - Scorch                Fire           68%        2d8       1%          2
c - Conjure Flame         Conj/Fire      34%        6-21      1%          3
d - Inner Flame           Hex/Fire       34%        N/A       1%          3
e - Flame Wave            Conj/Fire      34%        2d8       7%          4
f - Magic Dart            Conj           100%       1d8       1%          1
g - Searing Ray           Conj           68%        2d6       1%          2
h - Confusing Touch       Hex            34%        N/A       1%          3
i - Swiftness             Air            34%        N/A       1%          3
Your spell library was empty.

Dungeon Overview and Level Annotations

Branches:
Dungeon (7/15)             Temple (0/1) D:4

Altars:
Ashenzari
Dithmenos
Kikubaaqudgha
Nemelex Xobeh
Qazlal
Uskayaw
Xom
Yredelemnul
Zin
The Shining One

Shops:
D:2 *

Annotations:
D:6 2 transporters, experimilk's ghost, novice KoAM


Innate Abilities, Weirdness & Mutations

You are immune to sickness and miasma.
You are immune to poison.
Your flesh is very heat resistant. (rF++)
You are vulnerable to cold. (rC-)
You float through the air rather than walking.
You learn spells naturally, not from books.
Your magical power is your life essence.
You have superior vitality. (+4 MHP)


Message History

Flames lash the orc warrior.
You kill the orc warrior!
A black mist starts to gather...
The acid dragon spits acid at you. The splash of acid hits you.
The acid corrodes you!
You feel stable enough to blink again.
The six-headed hydra closely misses you.
The six-headed hydra bites you.
The six-headed hydra closely misses you.
The six-headed hydra misses you. The six-headed hydra bites you.
The six-headed hydra bites you but does no damage.
You fly upwards.
Level annotation: 2 transporters, experimilk's ghost, novice KoAM
There is a stone staircase leading down here.
Unknown command.
Unknown command.
You fail to use your ability.
The six-headed hydra completely misses you.
The six-headed hydra closely misses you.
The six-headed hydra misses you. The six-headed hydra bites you! x2
* * * LOW HITPOINT WARNING * * *
The six-headed hydra closely misses you.
You see here a +0 war axe.
Press: ? - help, . - travel You can't see that place. [a dispersal trap.] Unknown command.
Unknown command.
Casting: Scorch (safe; 1% risk of failure)
Confirm with . or Enter, or press ? or * to list all spells.
You feel quick.
* * * LOW HITPOINT WARNING * * *
The six-headed hydra bites you!
* * * LOW HITPOINT WARNING * * *
The six-headed hydra barely misses you. The six-headed hydra bites you.
* * * LOW HITPOINT WARNING * * *
The six-headed hydra bites you but does no damage. x2
The six-headed hydra bites you!
You die...
Your body rises from the dead as a mindless zombie.

.##.# #.# #.# ###.# #.#
#.# ##..###.########.##
#...[............>#
..#####'##.#####.## ###
#...#.# #.# ### #.<.#.#
#)# ..# #...#.# #D# ..#
#...#.#####@#########
..#
###................^#
..# #.#.#####.#########
..######.#.# #.#
......##.#.### #.#
.............###.######
......##.#............#
......##.###.###.####.#
......##.# #.# #.# #.#


You could see a six-headed hydra (combustible).

Vanquished Creatures
  Harold (D:7)
  A two-headed ogre (D:7)
  Joseph (D:7)
  Grinder (D:3)
  3 yaks (D:7)
  2 water moccasins
  An ice beast (D:6)
  2 orc warriors (D:7)
  3 sky beasts
  An ogre (D:5)
  A necrophage (D:4)
  2 phantoms
  A kobold brigand (D:7)
  3 bullfrogs
  A wyvern zombie (D:6)
  A scorpion (D:6)
  A water moccasin skeleton (D:6)
  2 yak zombies (D:7)
  4 wights (D:6)
  2 vampire bats (D:5)
  A bullfrog zombie (D:6)
  A howler monkey (D:7)
  A bullfrog skeleton (D:5)
  2 hounds
  3 iguanas
  Crazy Yiuf (D:2)
  3 orc wizards
  A hound skeleton (D:4)
  7 gnolls
  6 adders
  A shadow imp (D:5)
  An ufetubus (D:5)
  A worm (D:3)
  A dart slug (D:1)
  5 orcs
  7 bats
  3 bat skeletons (D:5)
  3 bat zombies (D:5)
  4 endoplasms
  6 giant cockroaches
  8 goblins
  8 hobgoblins
  6 jackals (D:3)
  8 kobolds
  4 quokkas
  6 ball pythons
  4 frilled lizards
  2 gnoll zombies (D:7)
  A kobold zombie (D:7)
  A spectral kobold (D:7)
140 creatures vanquished.

Vanquished Creatures (collateral kills)
  A hornet (D:5)
  A vampire (D:7)
  A black bear (D:7)
  A scorpion (D:4)
  A bullfrog zombie (D:5)
  A jelly (D:4)
  A bullfrog skeleton (D:5)
  An orc wizard (D:5)
  A howler monkey skeleton (D:7)
  2 orcs (D:5)
11 creatures vanquished.

Vanquished Creatures (others)
  A hornet zombie (D:5)
  2 water moccasin zombies
  A sky beast zombie (D:5)
  A howler monkey zombie (D:7)
  An iguana zombie (D:7)
  An orc zombie (D:7)
  A spectral ufetubus (D:5)
  290 foxfires
298 creatures vanquished.

Grand Total: 449 creatures vanquished

Notes
Turn   | Place    | Note
-------+----------+-------------------------------------------
     0 | D:1      | unlimited1921 the Djinni Fire Elementalist began the quest
                  | for the Orb.
     0 | D:1      | Reached XP level 1. HP: 15/15 MP: 0/0
  1074 | D:1      | Reached XP level 2. HP: 19/21 MP: 0/0
  1543 | D:1      | Found a faded altar of an unknown god.
  2225 | D:1      | Reached XP level 3. HP: 20/26 MP: 0/0
  2225 | D:1      | Learned a level 1 spell: Magic Dart
  3429 | D:1      | Reached skill level 1 in Fighting
  4772 | D:2      | Found Lampich's Assorted Antiques.
  5185 | D:2      | Reached XP level 4. HP: 28/32 MP: 0/0
  5579 | D:2      | Identified the +11 spear of Usa Piuq {flame, rN+ Stlth+}
  5962 | D:2      | Found a runed translucent door.
  5963 | D:2      | Noticed Crazy Yiuf
  5971 | D:2      | Killed Crazy Yiuf
  6055 | D:3      | Found a stormy altar of Qazlal.
  6104 | D:3      | Reached XP level 5. HP: 38/38 MP: 0/0
  6104 | D:3      | Learned a level 2 spell: Searing Ray
  6158 | D:3      | Reached skill level 2 in Fighting
  6332 | D:3      | Noticed Grinder
  6340 | D:3      | Killed Grinder
  6341 | D:3      | Reached skill level 1 in Polearms
  6341 | D:3      | Reached XP level 6. HP: 38/45 MP: 0/0
  6793 | D:4      | Reached XP level 7. HP: 47/49 MP: 0/0
  6793 | D:4      | Learned a level 3 spell: Confusing Touch
  6929 | D:4      | Found a basalt altar of Yredelemnul.
  6940 | D:4      | Became a worshipper of Yredelemnul the Dark
  7157 | D:4      | Reached * piety under Yredelemnul
  7158 | D:4      | Reached skill level 3 in Fighting
  7314 | D:4      | Found a glowing golden altar of the Shining One.
  7333 | D:4      | Found a shadowy altar of Dithmenos.
  7344 | D:4      | Found a shimmering altar of Xom.
  7352 | D:4      | Found a glowing silver altar of Zin.
  7356 | D:4      | Found a broken altar of Ashenzari.
  7389 | D:4      | Reached ** piety under Yredelemnul
  7761 | D:4      | Found a staircase to the Ecumenical Temple.
  7773 | D:4      | Identified the +10 dagger of Liusmiuwk {distort, rElec rF-
                  | rC++ Int+4}
  7857 | D:5      | Entered Level 5 of the Dungeon
  8117 | D:5      | Noticed a hornet
  8122 | D:5      | Killed a hornet
  8123 | D:5      | Reached XP level 8. HP: 58/58 MP: 0/0
  8184 | D:5      | Reached skill level 4 in Fighting
  8412 | D:5      | Found a hide-covered altar of Uskayaw.
  9547 | D:5      | Reached XP level 9. HP: 60/63 MP: 0/0
  9547 | D:5      | Learned a level 3 spell: Swiftness
 10003 | D:6      | Reached skill level 5 in Spellcasting
 10372 | D:6      | Noticed a hornet
 10392 | D:6      | Noticed a queen bee
 10760 | D:6      | Found a transporter.
 10763 | D:6      | Found a transporter.
 10766 | D:6      | Noticed experimilk's ghost (novice KoAM)
 12532 | D:7      | Reached skill level 5 in Fighting
 12651 | D:7      | Found a basalt altar of Yredelemnul.
 12651 | D:7      | Found a shadowy altar of Dithmenos.
 12812 | D:7      | Identified the +8 short sword "Kievorao" {flame, *Noise
                  | +Blink Stlth+}
 12817 | D:7      | Noticed Joseph
 12833 | D:7      | Killed Joseph
 12834 | D:7      | Reached skill level 6 in Fighting
 12834 | D:7      | Reached XP level 10. HP: 27/73 MP: 0/0
 12835 | D:7      | Reached skill level 7 in Fighting
 13191 | D:7      | Identified the +0 rapier "Starlight" {pain, *Corrode Dex+2
                  | Stlth+}
 13239 | D:7      | Reached skill level 8 in Fighting
 13239 | D:7      | Reached skill level 1 in Short Blades
 13239 | D:7      | Reached skill level 5 in Dodging
 13572 | D:7      | Noticed Harold
 13584 | D:7      | Killed Harold
 14008 | D:7      | Found a sparkling altar of Nemelex Xobeh.
 14008 | D:7      | Found a basalt altar of Yredelemnul.
 14030 | D:7      | Noticed a two-headed ogre
 14032 | D:7      | Noticed a six-headed hydra
 14048 | D:7      | Killed a two-headed ogre
 14049 | D:7      | Reached skill level 9 in Fighting
 14049 | D:7      | Reached skill level 1 in Evocations
 14970 | D:6      | HP: 3/78 [six-headed hydra (1)]
 14970 | D:6      | Mangled by a six-headed hydra

Illustrated notes

Levels and vault maps discovered:
D:1:      minmay_arrival_shattered_statue, layout_basic, basic_ecumenical_altar
D:2:      layout_basic, serial_shops, nicolae_shop_advertising_works
          [nicolae_subvault_shop_adworks], uniq_crazy_yiuf_cottage
D:3:      layout_loops_ring, grunt_qazlal_sundering, uniq_grinder
D:4:      layout_layer_cave, mainiacjoe_overflow_small_starburst,
          minmay_overflow_temple_star_hex, minmay_temple_entry_wispy
D:5:      layout_basic, mainiacjoe_overflow_surrounded_room,
          kennysheep_vampire_church
D:6:      layout_basic, gammafunk_ghost_hive, amcnicky_mini_pool_small
D:7:      minmay_the_grid_octo_2x2 [minmay_the_grid_octo_chip,
          minmay_the_grid_octo_fan_narrow, minmay_the_grid_octo_shrine,
          minmay_the_grid_octo_prize_single_spiral], layout_basic,
          kennysheep_generic_room_14, uniq_menkaure, uniq_joseph, uniq_pikel,
          uniq_harold, uniq_duvessa

Skill      XL: |  1  2  3  4  5  6  7  8  9 10 |
---------------+-------------------------------+-----
Fighting       | 1 2 3 4 6 9 |  9.4
Spellcasting   | 3 4 6 |  6.2
Stealth        | 2 3 4 |  4.2
Polearms       | 1 2 3 4 |  4.5
Dodging        | 3 4 6 |  6.1
Short Blades   | 2 |  2.4
Evocations     | 1 |  1.3

Action                   |  1- 3 |  4- 6 |  7- 9 | 10-12 || total
-------------------------+-------+-------+-------+-------++-------
Melee: Short sword       |     5 |       |       |    15 ||    20
       Spear             |       |    41 |    90 |       ||   131
       Punch             |       |       |     1 |       ||     1
 Cast: Foxfire           |    76 |    17 |    70 |    12 ||   175
       Scorch            |       |     1 |    27 |    42 ||    70
       Inner Flame       |       |       |     2 |     3 ||     5
       Flame Wave        |       |       |       |     3 ||     3
       Swiftness         |       |       |       |     1 ||     1
 Abil: Evoke Blink       |       |       |       |     4 ||     4
 Stab: Sleeping          |       |     7 |     7 |     1 ||    15
       Distracted        |       |     1 |       |       ||     1
Armor: Robe              |     3 |     3 |    20 |    13 ||    39
Dodge: Dodged            |     9 |     8 |    40 |    36 ||    93
